Map: Shrines of Lizul

Players

Throwfordays

  • Race: Protoss Protoss
  • League: Silver
  • Spawn Location: 3:00

Cthulhu

  • Race: Zerg Zerg
  • Spawn Location: 12:00

Allattos - Winner!

  • Race: Protoss Protoss
  • Spawn Location: 6:00

Boros - Winner!

  • Race: Zerg Zerg
  • Spawn Location: 9:00

VOD

Have the link to the VOD?

Description

Time

  • Played on: March 25, 2019, 6:39 p.m.
  • Length: 13:49
Show
View Real Time Build Order
Export as new Build Order

Throwfordays Protoss 

Build Orders:  

Get SALT Encoding   

  12  0:00  Probe  
  13  0:12  Probe  
  14  0:25  Probe  
  14  0:26  Pylon  
  15  0:44  Probe  
  15  0:46  Gateway  
  16  0:56  Gateway  
  16  0:57  Probe  
  17  1:07  Forge  
  17  1:15  Assimilator  
  17  1:16  Probe  
  18  1:28  Probe  
  19  1:34  Cybernetics Core  
  19  1:40  Probe  
  20  1:50  Warp Gate  
  20  2:05  Nexus  
  20  2:18  Photon Cannon  
  20  2:29  Pylon  
  20  2:34  Assimilator  
  20  2:41  Pylon  
  20  2:45  Protoss Ground Weapons Level 1  
  20  2:57  Probe  
  21  3:08  Pylon  
  21  3:09  Probe  
  22  3:16  Photon Cannon  
  22  3:18  Probe  
  22  3:19  Photon Cannon  
  22  3:21  Probe  
  22  3:26  Probe  
  25  3:35  Probe  
  26  3:47  Probe  
  27  3:50  Photon Cannon  
  27  3:55  Photon Cannon  
  27  3:59  Probe  
  28  4:03  Photon Cannon  
  28  4:10  Photon Cannon  
  28  4:11  Probe  
  29  4:24  Probe  
  30  4:25  Photon Cannon  
  30  4:34  Photon Cannon  
  30  4:36  Probe  
  30  4:38  Assimilator  
  31  4:41  Assimilator  
  31  4:48  Probe  
  31  4:50  Protoss Ground Armor Level 1  
  32  4:53  Stalker  
  32  4:57  Stalker  
  36  5:00  Probe  
  36  5:02  Probe  
  38  5:12  Probe  
  39  5:18  Photon Cannon  
  39  5:21  Photon Cannon  
  39  5:22  Adept  
  39  5:23  Adept  
  39  5:27  Forge  
  43  5:29  Twilight Council  
  43  5:47  Probe  
  44  5:51  Adept  
  44  5:52  Adept  
  48  5:58  Pylon  
  48  5:59  Probe  
  48  6:00  Pylon  
  48  6:03  Pylon  
  49  6:08  Pylon  
  49  6:11  Probe  
  49  6:13  Adept x2  
  54  7:13  Nexus  
  54  7:17  Assimilator, Probe  
  54  7:19  Assimilator  
  54  7:20  Stargate  
  55  7:23  Pylon, Stargate  
  55  7:26  Stargate  
  55  7:28  Stargate  
  55  7:29  Probe  
  56  7:31  Cybernetics Core  
  56  7:35  Protoss Ground Weapons Level 2, Protoss Ground Armor Level 2  
  56  7:40  Stalker  
  56  7:41  Stalker, Probe  
  61  7:52  Protoss Air Weapons Level 1, Probe  
  62  8:00  Probe  
  63  8:06  Void Ray x2  
  63  8:09  Void Ray  
  63  8:10  Probe  
  76  8:21  Protoss Air Armor Level 1  
  72  8:28  Stalker  
  72  8:29  Stalker  
  70  8:52  Void Ray  
  70  8:53  Void Ray  
  78  8:56  Probe  
  78  8:59  Probe  
  80  9:09  Probe  
  81  9:11  Probe  
  81  9:12  Void Ray  
  81  9:13  Void Ray  
  90  9:21  Probe  
  90  9:23  Probe  
  92  9:28  Stargate  
  92  9:35  Probe  
  89  9:47  Probe  
  89  9:49  Stalker x2  
  86  9:57  Void Ray x3  
  96  10:07  Void Ray  
  96  10:12  Probe  
  101  10:21  Pylon  
  101  10:24  Pylon, Probe  
  101  10:27  Robotics Facility  
  102  10:29  Pylon x2  
  102  10:34  Fleet Beacon  
  102  10:36  Probe  
  102  10:37  Protoss Shields Level 1  
  103  10:44  Void Ray  
  103  10:48  Probe  
  108  11:00  Probe  
  109  11:06  Nexus  
  109  11:10  Assimilator  
  109  11:12  Probe  
  109  11:13  Assimilator  
  109  11:14  Warp Prism  
  112  11:19  Templar Archives, Dark Shrine  
  112  11:24  Probe  
  113  11:36  Void Ray, Probe  
  114  12:01  Void Ray x2  
  109  12:42  Void Ray  
  113  12:44  Void Ray  
  89  13:17  Pylon  
  89  13:23  Pylon  
Show
View Real Time Build Order
Export as new Build Order

Cthulhu Zerg 

Build Orders: Hatch First 

Get SALT Encoding   

  12  0:01  Drone  
  13  0:08  Drone  
  14  0:15  Extractor  
  14  0:16  Drone  
  15  0:45  Hatchery  
  15  0:48  Extractor  
  15  0:49  Drone  
  15  0:52  Overlord  
  15  1:10  Spawning Pool  
  14  1:16  Drone  
  15  1:20  Drone  
  15  1:21  Drone  
  17  1:29  Drone  
  18  1:35  Extractor  
  18  1:39  Drone  
  18  1:56  Drone  
  18  1:59  Queen x2  
  18  2:01  Drone  
  24  2:06  Drone  
  25  2:17  Drone x2  
  27  2:26  Drone  
  27  2:28  Overlord  
  28  2:37  Lair  
  28  2:49  Drone x4  
  32  3:09  Drone x2  
  32  3:10  Drone x2  
  32  3:12  Extractor  
  35  3:17  Drone  
  35  3:18  Overlord  
  36  3:32  Drone  
  36  3:35  Extractor  
  36  3:38  Extractor  
  36  3:40  Drone x5  
  39  3:47  Evolution Chamber  
  38  3:50  Evolution Chamber  
  37  3:58  Hydralisk Den  
  37  3:59  Drone  
  37  4:00  Drone x2  
  39  4:10  Zergling x4  
  39  4:11  Drone x3  
  44  4:21  Zerg Ground Armor Level 1, Zerg Missile Weapons Level 1  
  44  4:32  Overlord  
  44  4:48  Overlord  
  44  4:51  Metabolic Boost  
  44  4:53  Hydralisk  
  44  4:54  Hydralisk x3  
  44  4:57  Muscular Augments  
  52  5:09  Hydralisk  
  52  5:10  Hydralisk x2  
  52  5:12  Overlord  
  52  5:13  Drone x3  
  59  5:19  Spine Crawler  
  58  5:27  Spine Crawler  
  58  5:28  Zergling x2  
  58  5:29  Zergling x4  
  58  5:33  Drone  
  61  5:41  Pneumatized Carapace  
  61  6:03  Hydralisk  
  60  6:04  Hydralisk x3  
  60  6:09  Grooved Spines  
  68  6:26  Overlord x2  
  68  6:40  Overlord  
  68  6:41  Overlord x2  
  68  6:46  Zergling x4  
  69  7:00  Hydralisk x2  
  69  7:01  Hydralisk  
  75  7:13  Hatchery  
  74  7:16  Drone x3  
  74  7:21  Overseer  
  75  7:36  Hydralisk  
  75  7:37  Hydralisk x3  
  76  8:07  Hydralisk  
  76  8:08  Hydralisk x5  
  88  8:19  Zerg Ground Armor Level 2, Zerg Missile Weapons Level 2  
  88  8:24  Hydralisk  
  88  8:25  Hydralisk x6  
  80  8:53  Overseer  
  80  8:59  Drone x3  
  81  9:13  Hydralisk  
  81  9:14  Zergling x2  
  81  9:15  Overlord x3  
  65  10:07  Zergling x2  
  65  10:08  Zergling x34  
  83  10:19  Hydralisk  
  83  10:20  Hydralisk  
  87  10:25  Infestation Pit  
  86  10:35  Hydralisk  
  86  10:36  Hydralisk x5  
  86  10:38  Hatchery  
  97  10:57  Hydralisk x3  
  97  10:58  Hydralisk  
  82  11:58  Hydralisk  
  82  11:59  Hydralisk x5  
  78  12:17  Infestor  
  78  12:18  Infestor x2  
  84  12:33  Hydralisk  
  84  12:34  Hydralisk x3  
  92  12:49  Hydralisk  
  92  12:50  Hydralisk  
  92  12:51  Zergling x8  
Show
View Real Time Build Order
Export as new Build Order

Allattos Protoss - Winner!

Build Orders: 1 Gate Expand 

Get SALT Encoding   

  12  0:01  Probe  
  13  0:13  Probe  
  14  0:22  Pylon  
  14  0:25  Probe  
  15  0:40  Probe  
  16  0:45  Gateway  
  16  0:48  Assimilator  
  16  0:52  Probe  
  17  1:04  Probe  
  18  1:17  Probe  
  19  1:29  Nexus  
  19  1:30  Probe  
  20  1:44  Cybernetics Core, Probe  
  21  1:52  Pylon  
  21  1:56  Assimilator  
  21  1:57  Probe  
  22  2:10  Zealot, Probe  
  25  2:22  Probe  
  26  2:26  Stargate  
  26  2:34  Probe  
  27  2:37  Adept  
  29  2:45  Pylon  
  29  2:48  Probe  
  30  2:52  Probe  
  31  3:00  Probe  
  31  3:04  Probe  
  33  3:12  Void Ray  
  37  3:23  Probe  
  37  3:24  Probe  
  37  3:26  Stargate  
  39  3:29  Assimilator  
  39  3:34  Assimilator  
  39  3:35  Probe  
  39  3:36  Probe  
  41  3:51  Pylon  
  41  3:52  Probe  
  41  3:55  Probe  
  43  3:59  Void Ray  
  47  4:04  Probe  
  47  4:07  Probe  
  49  4:16  Probe  
  50  4:19  Probe  
  51  4:33  Probe x2  
  51  4:36  Void Ray  
  51  4:38  Nexus  
  57  4:42  Pylon  
  57  4:48  Probe  
  57  4:49  Probe  
  59  5:00  Void Ray  
  63  5:16  Pylon  
  63  5:18  Probe  
  63  5:19  Void Ray  
  68  5:24  Protoss Air Weapons Level 1  
  68  5:30  Pylon  
  68  5:31  Probe  
  69  5:38  Assimilator  
  69  5:40  Assimilator  
  69  5:43  Void Ray, Probe  
  74  5:57  Stargate  
  74  6:02  Void Ray  
  78  6:05  Probe  
  78  6:09  Probe  
  80  6:17  Probe  
  81  6:21  Probe  
  82  6:29  Probe  
  83  6:33  Probe  
  84  6:41  Probe  
  84  6:46  Void Ray x3  
  97  6:54  Probe  
  98  6:56  Fleet Beacon  
  98  7:16  Protoss Air Armor Level 1  
  98  7:51  Shield Battery  
  98  7:52  Shield Battery, Probe  
  98  7:53  Shield Battery  
  98  7:54  Probe  
  100  8:04  Probe  
  101  8:07  Pylon x2  
  101  8:09  Pylon  
  101  8:11  Pylon  
  101  8:12  Pylon  
  101  8:21  Tempest x3  
  101  8:22  Probe x2  
  114  8:34  Probe x2  
  104  8:46  Probe  
  97  8:50  Tempest x3  
  97  8:54  Protoss Air Weapons Level 2  
  97  9:00  Probe  
  98  9:08  Stargate  
  113  9:12  Probe  
  114  9:25  Pylon  
  114  9:26  Pylon  
  114  9:27  Tempest x3  
  114  9:28  Pylon  
  114  9:29  Pylon  
  129  9:47  Tempest  
  118  10:03  Tempest x2  
  118  10:04  Tempest  
  133  10:21  Robotics Facility  
  133  10:27  Forge  
  133  10:30  Twilight Council, Tempest  
  138  10:47  Tempest x2  
  138  10:48  Tempest  
  153  10:52  Nexus  
  153  11:13  Tempest  
  153  11:14  Warp Prism  
  153  11:18  Protoss Shields Level 1  
  160  12:14  Tempest  
  160  12:15  Tempest x3  
Show
View Real Time Build Order
Export as new Build Order

Boros Zerg - Winner!

Build Orders: Hatch First 

Get SALT Encoding   

  12  0:01  Drone  
  14  0:14  Drone  
  14  0:17  Overlord  
  14  0:36  Drone x2  
  14  0:40  Drone  
  17  0:47  Drone  
  18  1:03  Drone  
  19  1:06  Hatchery  
  19  1:08  Extractor  
  19  1:09  Drone  
  18  1:19  Drone  
  18  1:25  Spawning Pool  
  18  1:31  Overlord  
  18  1:42  Drone  
  19  1:59  Drone  
  20  2:11  Queen  
  20  2:13  Metabolic Boost  
  20  2:14  Drone  
  20  2:15  Drone  
  24  2:18  Queen  
  24  2:20  Drone  
  27  2:28  Drone, Evolution Chamber  
  27  2:30  Drone  
  27  2:34  Drone  
  29  2:42  Drone  
  30  2:52  Overlord  
  30  2:58  Drone  
  30  3:00  Zerg Melee Weapons Level 1  
  30  3:02  Queen  
  30  3:04  Drone x2  
  35  3:14  Drone  
  35  3:17  Drone  
  37  3:30  Zergling x2  
  37  3:31  Zergling x6  
  37  3:33  Zergling x4  
  37  3:34  Zergling x2  
  44  3:35  Overlord x2  
  44  3:53  Overlord  
  44  3:59  Roach Warren  
  44  4:01  Drone x2  
  44  4:02  Drone  
  46  4:03  Drone  
  46  4:05  Extractor  
  46  4:07  Extractor  
  45  4:24  Lair  
  45  4:25  Drone  
  45  4:26  Drone  
  45  4:27  Drone x2  
  45  4:29  Hatchery  
  48  4:33  Drone x4  
  52  4:46  Roach x4  
  60  4:54  Zerg Ground Armor Level 1  
  60  5:35  Extractor  
  59  5:36  Overlord x5  
  59  5:39  Drone  
  60  5:51  Burrow  
  60  5:58  Hydralisk Den  
  54  6:20  Roach x4  
  54  6:21  Roach x2  
  61  6:28  Hydralisk x5  
  61  6:29  Hydralisk  
  68  6:48  Zerg Missile Weapons Level 1  
  68  6:56  Grooved Spines  
  62  7:35  Zergling x6  
  62  7:36  Zergling x6  
  68  7:37  Hydralisk x3  
  68  7:38  Hydralisk x3  
  80  7:46  Hatchery  
  79  7:52  Evolution Chamber  
  79  7:56  Infestation Pit  
  77  8:07  Muscular Augments  
  77  8:23  Zerg Ground Armor Level 2  
  77  8:27  Glial Reconstitution  
  77  8:31  Pneumatized Carapace  
  77  8:32  Zergling x6  
  77  8:33  Hydralisk  
  82  8:36  Overlord x3  
  82  8:39  Hive  
  80  9:26  Zerg Missile Weapons Level 2  
  80  9:33  Hydralisk x5  
  80  9:34  Hydralisk x6  
  98  9:39  Zergling x6  
  99  9:45  Tunneling Claws  
  94  10:09  Queen  
  96  10:15  Zergling x6  
  96  10:16  Adrenal Glands  
  96  10:20  Zergling x6  
  102  10:27  Overseer x2  
  102  10:28  Overseer  
  102  10:36  Spire  
  102  10:41  Hatchery  
  100  11:09  Zerg Ground Armor Level 3  
  100  11:11  Roach x5, Hydralisk  
  112  11:20  Overlord x5  
  112  11:21  Overlord x3  
  100  12:11  Zergling x2  
  100  12:12  Zergling x8, Corruptor x2  
  100  12:13  Corruptor x3  
  100  12:15  Zergling x4  
  117  12:26  Drone  
  118  12:35  Overseer x2  
  118  13:18  Extractor  
  118  13:19  Extractor  
  116  13:23  Hatchery  
Tags
 
Add a new tag
Caveats
  • Supply blocks, unpowered buildings, or Contaminate may cause inaccurate times.
  • Supply counts are checked every 10 seconds.